Map: Oxide LE

Players

Booly

  • Race: Zerg Zerg
  • League: Master

ViBE - Winner!

  • Race: Terran Terran
  • League: Diamond

VOD

Have the link to the VOD?

Description

Time

  • Played on: April 23, 2021, 9:33 p.m.
  • Length: 8:32
Show
View Real Time Build Order
Export as new Build Order

Booly Zerg 

Build Orders: Hatch First 

Get SALT Encoding   

  12  0:00  Drone  
  13  0:12  Overlord  
  13  0:16  Drone  
  14  0:31  Drone  
  14  0:32  Drone  
  16  0:49  Hatchery  
  15  0:56  Drone  
  16  0:57  Drone  
  17  1:10  Extractor  
  16  1:13  Spawning Pool  
  16  1:16  Drone  
  16  1:19  Drone  
  16  1:22  Drone  
  18  1:30  Drone  
  19  1:49  Hatchery  
  18  2:00  Queen  
  20  2:09  Queen  
  22  2:16  Metabolic Boost  
  22  2:21  Drone  
  23  2:31  Zergling x2  
  23  2:32  Zergling x2  
  24  2:51  Drone x4  
  28  3:01  Queen  
  30  3:15  Drone x4  
  34  3:42  Overlord  
  34  3:53  Lair, Evolution Chamber  
  34  3:54  Drone  
  34  3:55  Overlord  
  34  4:00  Drone x6, Queen  
  42  4:15  Drone  
  42  4:16  Drone x7  
  50  4:19  Extractor  
  50  4:21  Extractor  
  50  4:23  Evolution Chamber, Zergling x4  
  50  4:24  Zergling x2  
  50  4:33  Overlord  
  50  4:52  Overlord  
  50  4:55  Drone x2  
  50  4:56  Drone x4  
  50  4:58  Overlord x2  
  56  5:05  Zerg Melee Weapons Level 1  
  56  5:06  Drone x2  
  58  5:11  Overlord  
  58  5:14  Zerg Ground Armor Level 1  
  58  5:24  Extractor, Zergling x10  
  58  5:25  Zergling x4  
  64  5:30  Zergling x10  
  64  5:32  Baneling Nest  
  67  5:38  Overlord  
  67  5:40  Zergling x8  
  71  5:50  Zergling x4  
  73  6:01  Zergling x8  
  73  6:02  Zergling x10  
  71  6:11  Zergling x8  
  75  6:17  Baneling x9  
  75  6:18  Baneling x2  
  75  6:19  Zergling x4  
  75  6:22  Baneling x7  
  75  6:23  Baneling x2  
  74  6:26  Zergling x8  
  74  6:30  Zergling x4  
  57  6:59  Zergling x4  
  57  7:00  Zergling x8  
  57  7:10  Hatchery  
  57  7:12  Zergling x4  
  58  7:19  Baneling x4  
  58  7:29  Zergling x4  
  60  7:31  Baneling x3  
  60  7:33  Zergling x4  
  62  7:47  Zergling x4  
  63  7:55  Zergling x4  
Show
View Real Time Build Order
Export as new Build Order

ViBE Terran - Winner!

Build Orders:  

Get SALT Encoding   

  12  0:00  SCV  
  13  0:12  SCV  
  14  0:18  Supply Depot  
  14  0:24  SCV  
  15  0:39  SCV  
  16  0:46  Refinery, Barracks  
  16  0:51  SCV  
  17  1:03  SCV  
  18  1:16  SCV  
  19  1:28  SCV  
  20  1:35  Reaper  
  21  1:40  Orbital Command  
  21  1:47  Command Center  
  21  2:02  Supply Depot  
  21  2:05  SCV  
  21  2:08  Marine  
  22  2:14  Barracks  
  23  2:24  SCV  
  23  2:26  Factory  
  24  2:33  Barracks Reactor  
  24  2:36  SCV  
  25  2:48  SCV  
  26  2:51  Refinery  
  26  2:58  Orbital Command  
  26  3:00  SCV  
  26  3:02  Barracks Tech Lab  
  26  3:03  Supply Depot  
  27  3:11  Starport  
  27  3:12  Marine, SCV  
  28  3:14  Marine  
  29  3:22  Marine  
  29  3:24  SCV  
  31  3:32  Stimpack  
  31  3:35  Supply Depot, SCV  
  31  3:36  SCV  
  31  3:37  Marine  
  31  3:38  Marine  
  35  3:42  Marine  
  35  3:44  Factory Reactor  
  36  3:52  SCV x2  
  36  3:55  Starport Tech Lab  
  38  4:01  Supply Depot  
  38  4:02  Marine x2  
  39  4:03  Marine  
  39  4:04  SCV x2  
  43  4:16  SCV x2  
  45  4:20  Marine x3  
  45  4:24  Supply Depot  
  48  4:27  Siege Tank  
  48  4:28  SCV x2  
  48  4:29  Medivac  
  55  4:36  Supply Depot  
  55  4:40  SCV x2  
  55  4:42  Supply Depot  
  55  4:45  Marine x2  
  57  4:46  Marine  
  57  4:47  Supply Depot  
  57  4:52  SCV x2  
  62  4:57  Refinery  
  62  4:58  Refinery  
  62  4:59  Siege Tank  
  65  5:04  SCV x2  
  67  5:10  Medivac  
  67  5:11  Marine x3  
  72  5:16  SCV  
  72  5:17  SCV  
  72  5:20  Supply Depot  
  74  5:32  Barracks  
  74  5:33  Barracks  
  74  5:34  Barracks  
  74  5:41  Medivac x2  
  74  5:42  Marine x3  
  81  5:53  Supply Depot  
  81  6:02  Marine  
  81  6:03  Marine x2  
  87  6:04  Siege Tank  
  87  6:16  Supply Depot  
  87  6:21  Marine x2  
  87  6:23  Barracks Reactor x3  
  87  6:24  Marine  
  90  6:26  Medivac  
  92  6:36  Combat Shield, Siege Tank  
  92  6:38  Marine  
  92  6:39  Supply Depot, Marine  
  97  6:42  Marine  
  77  6:56  Marine x2  
  77  6:59  Marine x2  
  77  7:00  Medivac x2, Marine  
  82  7:08  Siege Tank  
  82  7:10  Marine x4  
  82  7:14  Marine x2  
  88  7:17  Marine x2  
  88  7:18  Marine  
  91  7:28  Marine x4  
  95  7:32  Marine x2  
  95  7:34  Marine x2  
  95  7:36  Marine  
  100  7:40  Siege Tank  
  102  7:45  Marine  
  102  7:46  Marine x3  
  102  7:50  Marine x2  
  108  7:52  Marine x2  
  108  7:54  Marine  
  111  8:03  Marine x3  
  111  8:04  Marine  
  108  8:07  Marine  
  108  8:08  Marine  
  108  8:10  Marine x2  
  112  8:11  Marine  
Tags
 
Matchup
TvZ
Player
ViBE
Add a new tag
Caveats
  • Supply blocks, unpowered buildings, or Contaminate may cause inaccurate times.
  • Supply counts are checked every 10 seconds.